 Dungeon Crawl Stone Soup version 0.17.2 (webtiles) character file.

53 ololoev the Slasher (level 3, 0/29 HPs)
             Began as a Mummy Chaos Knight on May 30, 2016.
             Slain by a gnoll
             ... wielding a cursed +4 club of chaos
              (6 damage)
             ... while paralysed by a gnoll
             ... on level 2 of the Dungeon.
             The game lasted 00:01:43 (1163 turns).

ololoev the Slasher (Mummy Chaos Knight)            Turns: 1163, Time: 00:01:43

Health: 0/29       AC:  5    Str: 16    XL:     3   Next: 62%
Magic:  3/3        EV:  2    Int: 11    God:    Xom [.*....]
Gold:   37         SH:  0    Dex: 11    Spells: 0 memorised, 2 levels left

rFire  x . .     SeeInvis .     a - +0 falchion (chaos)
rCold  + . .     Clarity  .     b - +2 leather armour
rNeg   + + +     SustAt   .     (no shield)
rPois  ∞         Gourm    .     (no helmet)
rElec  .         Spirit   .     (no cloak)
rCorr  .         Warding  +     (no gloves)
rMut   .         Stasis   .     (no boots)
MR     .....                    g - amulet of warding
Stlth  +.........               (no ring)
                                (no ring)

@: paralysed, very slightly contaminated, hasted, not resistant to hostile
enchantments, very unstealthy
A: no food or potions, fire vulnerability, cold resistance 1, negative energy
resistance 3, torment resistance, unbreathing
a: Renounce Religion


Innate Abilities, Weirdness & Mutations

You do not eat or drink.
Your flesh is vulnerable to fire.
You are immune to poison.
Your flesh is cold resistant.
You are immune to negative energy.
You are immune to unholy pain and torment.
You can survive without breathing.

Inventory:

Hand Weapons
 a - a +0 falchion of chaos (weapon)
Armour
 b - a +2 leather armour (worn)
Jewellery
 g - an amulet of warding (around neck)
Scrolls
 c - a scroll of fog {unknown}
 d - a scroll of remove curse {unknown}
 e - 3 scrolls of identify {unknown}
 f - a scroll of noise {unknown}


   Skills:
 - Level 3.0 Fighting
 * Level 3.4 Long Blades
 + Level 2.2 Armour
 - Level 0.7 Dodging


You had 2 spell levels left.
You didn't know any spells.


You were on level 2 of the Dungeon.
You worshipped Xom.
You were a plaything of Xom.
You were not hungry.

You visited 1 branch of the dungeon, and saw 2 of its levels.

You collected 37 gold pieces.

####
####################...
#...bb@g.b.).......#§..
#.################.#...
#.# #..... #.# ###†..
#.# .... #.# ..>. #.#
#.### #.# .. #.# ##

Notes
Turn   | Place    | Note
--------------------------------------------------------------
     0 | D:1      | ololoev the Mummy Chaos Knight began the quest for the Orb.
     0 | D:1      | Reached XP level 1. HP: 18/18 MP: 1/1
    85 | D:1      | Reached XP level 2. HP: 22/24 MP: 2/2
    93 | D:1      | XOM: harmless Chrm miscast
    97 | D:1      | Found a sparkling altar of Nemelex Xobeh.
   207 | D:1      | XOM: harmless Trmt miscast
   573 | D:1      | XOM: colour smoke trail
   575 | D:1      | XOM: mild Necr miscast
   707 | D:2      | Reached XP level 3. HP: 12/29 MP: 3/3
   792 | D:1      | XOM: colour smoke trail
   886 | D:1      | XOM: harmless Fire miscast
   891 | D:2      | XOM: smoke on damage
   942 | D:1      | XOM: mild Hex miscast
  1144 | D:2      | XOM: chaos upgrade
  1161 | D:2      | XOM: butterfly on damage
  1162 | D:2      | Paralysed by a gnoll for 6 turns
  1163 | D:2      | Slain by a gnoll

Dungeon Overview and Level Annotations

Branches:
Dungeon (2/15)

Altars:
Nemelex Xobeh


Message History

"Have a taste of chaos, mortal."
The gnoll's club is briefly surrounded by a scintillating aura of random colours.
The gnoll disappears!
The bat hits you. The bat hits you but does no damage.
The bat barely misses you. The bat closely misses you.
The bat hits you but does no damage. The bat hits you but does no damage.
The bat hits you but does no damage. x2
The bat closely misses you. The bat barely misses you.
The bat hits you but does no damage.
Things that are here:
a halberd; a gnoll skeleton The bat completely misses you.
The bat closely misses you. The bat hits you but does no damage.
The bat hits you but does no damage. The bat hits you but does no damage.
Things that are here:
a spear; a gnoll skeleton The bat closely misses you.
There is a stone staircase leading up here.
You miss the bat. The bat hits you but does no damage.
The bat closely misses you. x2
You barely miss the bat. The bat hits you but does no damage.
The bat barely misses you. The bat closely misses you.
You hit the bat. You freeze the bat.
You kill the bat!
You closely miss the gnoll.
The gnoll hits you with a club of chaos!
A shower of butterflies erupts from you!
You feel yourself speed up.
You are very lightly contaminated with residual magic.
Xom is highly amused!
You hit the gnoll.
The gnoll is moderately wounded.
The gnoll hits you with a club of chaos.
You suddenly lose the ability to move!
The gnoll hits you with a club of chaos.
You die...
Xom is highly amused!

You could see a gnoll.

Vanquished Creatures
  2 gnolls (D:2)
  An adder (D:2)
  2 giant geckos
  3 bats
  3 goblins (D:1)
  3 hobgoblins (D:1)
  A giant cockroach (D:1)
  A giant newt (D:1)
  6 kobolds (D:1)
  4 rats (D:1)
26 creatures vanquished.

Action                   || total
-------------------------++-------
Melee: Falchion          ||    84
 Stab: Sleeping          ||     1

Vault maps used:
D:1:      dpeg_arrival_rooms_with_view, nemelex_xobeh_ov_fountains_minmay
D:2:      kennysheep_big_flooded_room, minmay_misc_feat_tower, minmay_hedge_maze
